 Dungeon Crawl Stone Soup version 0.29.1-1-gd02db6906a (webtiles) character file.

Game seed: 8034793477594517954

6235 LabCoat the Fighter (level 10, -1/92 HPs)
             Began as a Hill Orc Fighter on Oct 18, 2022.
             Was a Believer of Trog.
             Slain by a wolf (7 damage)
             ... on level 1 of the Lair of Beasts.
             The game lasted 00:29:28 (7172 turns).

LabCoat the Fighter (Hill Orc Fighter)              Turns: 7172, Time: 00:29:29

Health: -1/92      AC: 17    Str: 24    XL:     10   Next: 93%
Magic:  10/10      EV:  8    Int:  8    God:    Trog [**....]
Gold:   455        SH:  5    Dex: 10    Spells: 9/9 levels left

rFire   . . .      SeeInvis .   a - +1 war axe (vorpal)
rCold   + . .      Faith    .   c - +0 buckler
rNeg    . . .      Spirit   .   g - +0 plate armour
rPois   .          Reflect  .   (no helmet)
rElec   .          Harm     .   (no cloak)
rCorr   +          Rampage  .   (no gloves)
Will    +++..                   D - +3 pair of mountain boots {steadfast, rC+}
Stlth   ..........              j - amulet of regeneration
HPRegen 2.05/turn               z - ring of willpower
MPRegen 0.12/turn               F - ring of resist corrosion

@: mighty, strong-willed (expiring), on berserk cooldown, regenerating
(expiring), slowed, very slow
A: no striking features
a: Renounce Religion, Berserk, Trog's Hand


You were on level 1 of the Lair of Beasts.
You worshipped Trog.
Trog was pleased with you.
You visited 2 branches of the dungeon, and saw 9 of its levels.

You collected 455 gold pieces.

Inventory:

Hand Weapons
 a - a +1 vorpal war axe (weapon)
 b - a +0 sling of flaming
 x - a +2 vorpal mace
Armour
 c - a +0 buckler (worn)
 e - a +0 chain mail
 g - a +0 plate armour (worn)
 D - the +3 pair of mountain boots (worn) {steadfast, rC+}
   (You acquired it on level 6 of the Dungeon)

   It prevents involuntary movement, except for blinking, teleportation, or
   banishment.
   rC:        It protects you from cold.
Jewellery
 j - an amulet of regeneration (around neck)
 m - an amulet of magic regeneration
 r - an amulet of guardian spirit
 z - a ring of willpower (left hand)
 F - a ring of resist corrosion (right hand)
 G - a ring of ice
Wands
 o - a wand of mindburst (1)
 s - a wand of digging (9)
 w - a wand of iceblast (8)
 y - a wand of flame (37)
 A - a wand of paralysis (15)
 C - a wand of acid (5)
 H - a wand of polymorph (7)
Scrolls
 n - 3 scrolls of poison
 u - a scroll of teleportation
 v - 2 scrolls of amnesia
 B - 5 scrolls of blinking
 E - 2 scrolls of silence
 I - a scroll of enchant weapon {unknown}
Potions
 h - 3 potions of attraction
 i - a potion of mutation {unknown}
 k - 2 potions of cancellation
 l - 6 potions of curing
 q - 4 potions of flight
 L - 2 potions of lignification {unknown}
Miscellaneous
 p - a lightning rod (3/4)


   Skills:
 * Level 9.7 Fighting
 + Level 9.1 Axes
 + Level 4.2 Ranged Weapons
 + Level 4.3 Throwing
 * Level 7.5 Armour
 + Level 4.1 Dodging
 + Level 6.4 Shields
 + Level 4.5 Evocations


You had 9 spell levels left.
You didn't know any spells.
Your spell library contained the following spells:

 Spells                   Type           Power      Damage    Failure   Level
 Summon Small Mammal      Summ           0%         N/A       100%        1
 Call Canine Familiar     Summ           0%         N/A       100%        3
 Summon Guardian Golem    Hex/Summ       0%         N/A       100%        3


Dungeon Overview and Level Annotations

Branches:
Dungeon (8/15)             Temple (0/1) D:4            Lair (1/5) D:8

Altars:
Ashenzari
Nemelex Xobeh
Okawaru
Trog
Wu Jian

Shops:
D:2 [   D:6 (

Annotations:
D:6 3 runed translucent doors, decrepitue's ghost, novice OpTm; dvd2's ghost, novice FoFi


Message History

The wolf bites you. You block the wolf's attack. The blink frog hits you.
The blink frog blinks!
The wolf bites you. You block the wolf's attack.
The wolf bites you but does no damage.
The blink frog blinks! x2
You feel better. The wolf bites you but does no damage.
You block the wolf's attack. The wolf closely misses you. The wolf bites you.
The wolf bites you but does no damage. x2; The wolf closely misses you.
The wolf bites you but does no damage. x2; The blink frog blinks!
You feel very mighty all of a sudden. You block the wolf's attack.
The wolf bites you but does no damage.
The blink frog blinks!
The wolf barely misses you.
The blink frog blinks!
The wolf bites you but does no damage.
The blink frog blinks!
The wolf bites you but does no damage. The wolf bites you.
The blink frog barely misses you. The wolf barely misses you.
You barely miss the blink frog. You hit the wolf. You miss the wolf.
You closely miss the wolf. The wolf bites you but does no damage.
The wolf bites you. The wolf bites you but does no damage.
The blink frog closely misses you.
The wolf bites you but does no damage. x3
The blink frog blinks! x2; The wolf bites you!
The wolf barely misses you. The wolf bites you but does no damage.
You slash the wolf!
You kill the wolf!
Trog accepts your kill.
You hit the wolf. You closely miss the wolf.
You feel the effects of Trog's Hand fading.
The wolf bites you but does no damage. The wolf barely misses you.
The blink frog blinks!
The wolf bites you but does no damage.
The wolf bites you. x2; The wolf bites you but does no damage.
The blink frog hits you.
* * * LOW HITPOINT WARNING * * *
You miss the blink frog. You closely miss the wolf. You barely miss the wolf.
The wolf bites you.
* * * LOW HITPOINT WARNING * * *
The wolf closely misses you.
The blink frog hits you but does no damage.
The wolf barely misses you. The wolf bites you!
* * * LOW HITPOINT WARNING * * *
The blink frog hits you!
* * * LOW HITPOINT WARNING * * *
The wolf bites you!
You die...

### ####.#
### ....##
.#..#
....##
....(#
.....#
..(.((#
P#####
#....## ##
..#..#F@##
#....h†h##
#
#.###.F..##
# #P...§#
## ##
##.†F.##.#
Y###..
###....##
F...#
##......##
S..#.#
#........##
.#...#
##.P.#....#


You could see 3 blink frogs and 2 wolves.

Vanquished Creatures
  2 hydras (Lair:1)
  3 cane toads (Lair:1)
  A komodo dragon (D:8)
  11 yaks
  A water moccasin (Lair:1)
  3 orc warriors
  A sky beast (D:7)
  A black bear (D:6)
  2 centaurs
  4 wolves (Lair:1)
  A phantom (D:5)
  A scorpion (D:8)
  4 bullfrogs
  3 necrophages
  A wight (D:6)
  A howler monkey (D:6)
  3 hounds
  An orc priest (D:7)
  3 gnoll boudas
  2 iguanas (D:5)
  Ijyb (D:3)
  3 orc wizards
  13 gnolls
  4 adders
  3 shadow imps
  A white imp (D:8)
  2 dart slugs
  2 worms
  20 orcs
  5 ball pythons
  5 endoplasms
  3 giant cockroaches
  7 goblins
  2 hobgoblins
  11 jackals
  2 kobolds (D:1)
  5 quokkas
  3 bats
  3 frilled lizards (D:1)
  2 rats
146 creatures vanquished.

Vanquished Creatures (others)
  A wizard (D:3)
  2 fungi
  7 plants
  3 withered plants (D:6)
13 creatures vanquished.

Grand Total: 159 creatures vanquished

Notes
Turn   | Place    | Note
-------+----------+-------------------------------------------
     0 | D:1      | LabCoat the Hill Orc Fighter began the quest for the Orb.
     0 | D:1      | Reached XP level 1. HP: 19/19 MP: 1/1
   198 | D:1      | Reached XP level 2. HP: 27/27 MP: 2/2
  1069 | D:2      | Found Naunyha's Armour Boutique.
  1137 | D:2      | Reached XP level 3. HP: 32/33 MP: 3/3
  1478 | D:2      | Found a faded altar of an unknown god.
  1919 | D:3      | Found a sparkling altar of Nemelex Xobeh.
  1919 | D:3      | Found a transporter.
  1953 | D:3      | Found an iron altar of Okawaru.
  2308 | D:3      | Reached XP level 4. HP: 40/40 MP: 4/4
  2318 | D:3      | Noticed Ijyb
  2320 | D:3      | Killed Ijyb
  2396 | D:3      | Reached skill level 1 in Dodging
  2407 | D:3      | Reached XP level 5. HP: 31/47 MP: 5/5
  2576 | D:3      | Found a bloodstained altar of Trog.
  2577 | D:3      | Noticed a wizard
  2582 | D:3      | Became a worshipper of Trog the Wrathful
  2582 | D:3      | Killed a wizard
  3121 | D:4      | Found a staircase to the Ecumenical Temple.
  3574 | D:4      | Reached skill level 5 in Fighting
  4045 | D:5      | Entered Level 5 of the Dungeon
  4063 | D:5      | Noticed a phantom
  4066 | D:5      | Reached XP level 6. HP: 56/56 MP: 6/6
  4072 | D:5      | Reached skill level 5 in Axes
  4072 | D:5      | Reached skill level 1 in Throwing
  4430 | D:5      | Reached * piety under Trog
  4540 | D:5      | Reached skill level 1 in Evocations
  4784 | D:5      | Reached XP level 7. HP: 49/61 MP: 7/7
  4811 | D:6      | Reached skill level 1 in Ranged Weapons
  4911 | D:6      | Found an ornate altar of the Wu Jian Council.
  4968 | D:6      | Identified a scroll of acquirement
  4968 | D:6      | Acquired the +3 pair of mountain boots {steadfast, rC+}
  4968 | D:6      | Found the +3 pair of mountain boots {steadfast, rC+}
  5144 | D:6      | Found Goleip's Weapon Emporium.
  5215 | D:6      | Reached XP level 8. HP: 60/70 MP: 8/8
  5253 | D:6      | Found a broken altar of Ashenzari.
  5291 | D:6      | Found a runed translucent gate.
  5292 | D:6      | Found a runed translucent gate.
  5293 | D:6      | Found a runed translucent gate.
  5302 | D:6      | Noticed decrepitue's ghost (novice OpTm)
  5302 | D:6      | Noticed dvd2's ghost (novice FoFi)
  5758 | D:7      | Reached ** piety under Trog
  5946 | D:7      | Reached skill level 5 in Armour
  6497 | D:8      | Reached skill level 5 in Shields
  6497 | D:8      | Reached XP level 9. HP: 34/79 MP: 9/9
  6504 | D:8      | Noticed a komodo dragon
  6510 | D:8      | Killed a komodo dragon
  6644 | D:8      | Found a staircase to the Lair.
  6829 | Lair:1   | Entered Level 1 of the Lair of Beasts
  6888 | Lair:1   | Reached XP level 10. HP: 58/90 MP: 10/10
  6958 | Lair:1   | Noticed a five-headed hydra
  6969 | Lair:1   | Killed a five-headed hydra
  7005 | Lair:1   | Noticed a cane toad
  7012 | Lair:1   | Killed a cane toad
  7037 | Lair:1   | Noticed a cane toad
  7039 | Lair:1   | Noticed a cane toad
  7043 | Lair:1   | Noticed a cane toad
  7044 | Lair:1   | Killed a cane toad
  7051 | Lair:1   | Noticed a cane toad
  7055 | Lair:1   | Killed a cane toad
  7137 | Lair:1   | Noticed an eight-headed hydra
  7146 | Lair:1   | Killed an eight-headed hydra
  7172 | Lair:1   | Slain by a wolf

Illustrated notes

Levels and vault maps discovered:
D:1:      nicolae_arrival_memento_mori, layout_loops_ring
D:2:      layout_basic, hellmonk_ecumenical_altar_lost_god, serial_shops, shop
D:3:      layout_loops_ring, trog_wizard, mainiacjoe_overflow_cross_hatched,
          grunt_nemelex_the_gamble, roderic_roman_lattice,
          kennysheep_small_spiral, uniq_ijyb
D:4:      layout_loops_corners, minmay_temple_entry_drinking_statues,
          chequers_garden
D:5:      layout_basic
D:6:      layout_loops_ring, nicolae_wu_jian_wuxing_cycle,
          cheibrodos_ashenzari_chains, gammafunk_ghost_cemetery,
          minmay_misc_feat_ornament, nicolae_take_the_stairs, st_stairs_4,
          kennysheep_generic_room_14
D:7:      layout_basic
D:8:      layout_rooms, grunt_lair_entry_orc_guard_hut
Lair:1:   layout_concentric_octagons, grunt_megastairs_1

Skill      XL: |  1  2  3  4  5  6  7  8  9 10 |
---------------+-------------------------------+-----
Axes           | 3 4 5 6 7 8 9 |  9.1
Fighting       | 4 5 6 7 8 9 |  9.7
Dodging        | 1 2 3 4 |  4.1
Throwing       | 1 2 3 4 |  4.3
Armour         | 4 5 6 7 |  7.5
Shields        | 4 5 6 |  6.4
Evocations     | 1 2 3 4 |  4.5
Ranged Weapons | 1 2 3 4 |  4.2

Action                   |  1- 3 |  4- 6 |  7- 9 | 10-12 || total
-------------------------+-------+-------+-------+-------++-------
Melee: War axe           |    88 |   110 |   237 |    37 ||   472
       Mace              |       |       |       |    11 ||    11
 Fire: Sling             |       |    13 |    10 |     2 ||    25
Throw: Dart              |       |       |       |     4 ||     4
       Throwing net      |       |       |       |     1 ||     1
Invok: Berserk           |       |       |       |     3 ||     3
       Trog's Hand       |       |       |       |     2 ||     2
Evoke: Wand              |       |     2 |     9 |     8 ||    19
       Lightning rod     |       |     1 |     2 |     2 ||     5
  Use: Scroll            |     6 |     6 |     5 |     2 ||    19
       Potion            |       |     2 |     2 |     5 ||     9
Armor: Chain mail        |    52 |    58 |   150 |    17 ||   277
       Plate armour      |       |       |       |    69 ||    69
Dodge: Dodged            |    25 |    36 |   103 |    62 ||   226
Block: Buckler           |    18 |    21 |    51 |    31 ||   121
